 Dungeon Crawl Stone Soup version 0.27.0-1-g7a08968 (webtiles) character file.

Game seed: 12720920483721401853

2263 NeededCrab the Summoner (level 9, -10/65 HPs)
             Began as a Gnoll Summoner on Oct 13, 2021.
             Was a Believer of Kikubaaqudgha.
             Mangled by Gastronok (22 damage)
             ... on level 7 of the Dungeon.
             The game lasted 00:31:39 (8067 turns).

NeededCrab the Summoner (Gnoll Summoner)            Turns: 8067, Time: 00:31:40

Health: -10/65     AC:  7    Str:  9    XL:     9   Next: 38%
Magic:  14/18      EV: 15    Int: 24    God:    Kikubaaqudgha [**....]
Gold:   377        SH:  0    Dex: 14    Spells: 1/21 levels left

rFire    . . .     SeeInvis .   q - +2 short sword (speed)
rCold    . . .     Faith    .   (no shield)
rNeg     + + .     Spirit   .   i - +2 robe {rN+}
rPois    .         Reflect  .   (helmet restricted)
rElec    .         Harm     .   (no cloak)
rCorr    .         Rampage  .   r - +0 pair of gloves
Will     .....                  f - +0 pair of boots
Stlth    +++.......             l - amulet of magic regeneration
HPRegen  0.20/turn              o - +6 ring of intelligence
MPRegen  0.41/turn              L - ring of the Octopus King {rN+ AC+1 EV+1 Str+1 Int+1 Dex+1}

@: slowed, very slow
A: fangs 1, strong nose, distributed training, horns 1, wild magic 1, evolution
1
a: Renounce Religion, Receive Corpses


You were on level 7 of the Dungeon.
You worshipped Kikubaaqudgha.
Kikubaaqudgha was pleased with you.
You visited 2 branches of the dungeon, and saw 9 of its levels.

You collected 377 gold pieces.

Inventory:

Hand Weapons
 q - a +2 short sword of speed (weapon)
 F - a +1 broad axe of draining
Armour
 f - a +0 pair of boots (worn)
 i - a +2 robe of positive energy (worn)
 r - a +0 pair of gloves (worn)
 y - a +0 leather armour
 G - +0 swamp dragon scales
Jewellery
 l - an amulet of magic regeneration (around neck)
 o - a +6 ring of intelligence (left hand)
 x - a ring of fire
 I - a ring of see invisible
 L - a ring of the Octopus King (right hand) {rN+ AC+1 EV+1 Str+1 Int+1 Dex+1}
   (You found it on level 8 of the Dungeon)

   [ring of positive energy]

   AC:        It affects your AC (+1).
   EV:        It affects your evasion (+1).
   Str:       It affects your strength (+1).
   Int:       It affects your intelligence (+1).
   Dex:       It affects your dexterity (+1).
   rN:        It protects you from negative energy.
Wands
 C - a wand of polymorph (1)
 H - a wand of acid (4)
Scrolls
 a - 2 scrolls of silence {unknown}
 c - a scroll of enchant armour {unknown}
 d - a scroll of vulnerability {unknown}
 e - a scroll of fear {unknown}
 g - 4 scrolls of summoning
 h - a scroll of immolation
 n - 4 scrolls of teleportation
 s - a scroll of amnesia {unknown}
 t - 3 scrolls of magic mapping {unknown}
 w - a scroll of enchant weapon {unknown}
 A - a scroll of noise {unknown}
 J - a scroll of blinking {unknown}
 K - a scroll of acquirement {unknown}
Potions
 b - 2 potions of invisibility {unknown}
 j - a potion of degeneration
 k - a potion of magic
 m - a potion of flight {unknown}
 p - a potion of cancellation {unknown}
 u - a potion of heal wounds {unknown}
 v - 2 potions of brilliance
 z - a potion of haste {unknown}
 B - a potion of mutation
 D - a potion of resistance {unknown}
 E - 2 potions of curing


   Skills:
 + Level 4.2 Fighting
 + Level 4.2 Short Blades
 + Level 4.2 Long Blades
 + Level 4.2 Axes
 + Level 4.2 Maces & Flails
 + Level 4.2 Polearms
 + Level 4.2 Staves
 + Level 4.2 Slings
 + Level 4.2 Bows
 + Level 4.2 Crossbows
 + Level 4.2 Throwing
 + Level 4.2 Armour
 + Level 6.3 Dodging
 + Level 6.0 Stealth
 + Level 4.2 Shields
 + Level 4.2 Unarmed Combat
 + Level 6.6 Spellcasting
 + Level 3.4 Conjurations
 + Level 3.4 Hexes
 + Level 8.0 Summonings
 + Level 3.4 Necromancy
 + Level 3.4 Translocations
 + Level 3.4 Transmutations
 + Level 3.4 Fire Magic
 + Level 3.4 Ice Magic
 + Level 3.4 Air Magic
 + Level 3.4 Earth Magic
 + Level 3.4 Poison Magic
 + Level 4.6 Invocations
 + Level 4.2 Evocations


You had one spell level left.
You knew the following spells:

 Your Spells              Type           Power      Damage    Failure   Level
a - Summon Ice Beast      Ice/Summ       46%        N/A       11%         4
b - Call Imp              Summ           57%        N/A       1%          2
c - Call Canine Familiar  Summ           57%        N/A       1%          3
d - Summon Guardian Gole  Hex/Summ       46%        N/A       4%          3
e - Summon Lightning Spi  Summ/Air       46%        N/A       11%         4
f - Vampiric Draining     Necr           15%        2d8       9%          3
g - Summon Small Mammal   Summ           100%       N/A       1%          1

Your spell library contained the following spells:

 Spells                   Type           Power      Damage    Failure   Level
 Foxfire                  Conj/Fire      100%       2x1d9     3%          1
 Pain                     Necr           100%       1d9       3%          1
 Corpse Rot               Necr/Air       N/A        N/A       4%          2
 Sublimation of Blood     Necr           15%        N/A       4%          2
 Conjure Flame            Conj/Fire      31%        6-21      9%          3
 Frozen Ramparts          Ice            62%        1d8       9%          3
 Inner Flame              Hex/Fire       31%        N/A       9%          3
 Ice Form                 Ice/Tmut       31%        N/A       26%         4
 Petrify                  Tmut/Erth      31%        N/A       26%         4
 Agony                    Necr           31%        N/A       54%         5
 Excruciating Wounds      Necr           15%        N/A       54%         5
 Metabolic Englaciation   Hex/Ice        15%        N/A       54%         5
 Statue Form              Tmut/Erth      20%        N/A       97%         6


Dungeon Overview and Level Annotations

Branches:
Dungeon (8/15)             Temple (1/1) D:5
   Lair: D:8-11

Altars:
Ashenzari
Cheibriados
Dithmenos
Elyvilon
Fedhas
Gozag
Hepliaklqana
Kikubaaqudgha
Makhleb
Nemelex Xobeh
Okawaru
Qazlal
Sif Muna
Trog
Vehumet
Wu Jian
Xom
Zin
The Shining One

Annotations:
D:7 Gastronok
D:8 3 runed translucent doors, geeeeen's ghost, novice BaIE


Innate Abilities, Weirdness & Mutations

You have very sharp teeth.
Your uncanny sense of smell can sniff out nearby items.
Your experience applies equally to all skills.
You have a pair of small horns on your head.
Your spells are a little harder to cast, but a little more powerful.
You evolve.


Message History

Kikubaaqudgha accepts your kill.
Casting: Summon Ice Beast (dangerous; 11% risk of failure)
Confirm with . or Enter, or press ? or * to list all spells.
An electric hum fills the air.
Gastronok completely misses you.
Your lightning spire shoots out a bolt of lightning at Gastronok!
The bolt of electricity hits Gastronok!
Gastronok bites you!!
You hit Gastronok. You headbutt Gastronok.
You bite Gastronok, but do no damage.
Gastronok is moderately wounded.
You hit Gastronok.
Gastronok is heavily wounded.
You hit Gastronok.
Gastronok is heavily wounded.
Gastronok bites you!!
Your lightning spire shoots out a bolt of lightning at Gastronok!
The bolt of electricity hits Gastronok!
You hit Gastronok.
Gastronok is heavily wounded.
You hit Gastronok.
Gastronok is heavily wounded.
Gastronok barely misses you.
Your lightning spire shoots out a bolt of lightning at Gastronok!
The bolt of electricity hits Gastronok!!
You hit Gastronok.
Gastronok is severely wounded.
You hit Gastronok.
Gastronok is severely wounded.
Gastronok waves his eye-stalks in wide circles.
The air twists around and strikes you!
* * * LOW HITPOINT WARNING * * *
You hit Gastronok.
Gastronok is severely wounded.
Gastronok bites you but does no damage.
You climb upwards.
Your summoned ally is left behind.
There is a stone staircase leading down here.
Casting: Summon Lightning Spire (dangerous; 11% risk of failure)
Confirm with . or Enter, or press ? or * to list all spells.
An electric hum fills the air.
Gastronok bites you!!
You die...
Kikubaaqudgha rasps: "You have failed me!
Welcome... death!"

##...##......#...#.........#
##............(..............
#.....#....................#.
##....#................<...#.
##.###......<.............#.
##.....................)... ###
#.......................... ..##
##......8..................
...####.........@................
#...#............w...............
............#....................
##.....#.##.##..[......###.......
##....##....#......#.#.###.......
##...##...........####.#.#....)..
........#.....#....#..........)..
........#...#...............##).#
#.......##..##...............#.##


You could see Gastronok (swift, ally target) and a friendly lightning spire
(summoned).

Vanquished Creatures
  A water moccasin (D:5)
  An ice beast (D:8)
  3 water moccasin skeletons (D:4)
  A howler monkey (D:8)
  3 iguanas
  A hound skeleton (D:4)
  2 adders
  An adder skeleton (D:5)
  2 dart slugs
  2 ball pythons (D:4)
  2 endoplasms (D:2)
  2 hobgoblins
  6 jackals
  3 kobolds
  3 bats
  A frilled lizard (D:3)
34 creatures vanquished.

Vanquished Creatures (collateral kills)
  A two-headed ogre (D:8)
  Maggie (D:6)
  Prince Ribbit (D:8)
  Grinder (D:6)
  An acid dragon (D:8)
  A nameless horror (D:6)
  2 water moccasins
  An ice beast (D:6)
  A black bear (D:6)
  2 necrophages
  A centaur (D:8)
  2 ogres
  A phantom (D:6)
  A kobold brigand (D:8)
  2 bullfrogs
  4 scorpions
  A water moccasin skeleton (D:5)
  2 wyvern skeletons
  A centaur zombie (D:5)
  2 hounds (D:6)
  A gnoll shaman (D:8)
  2 orc priests
  A centaur skeleton (D:6)
  An iguana (D:6)
  Ijyb (D:5)
  An orc wizard (D:3)
  Terence (D:2)
  A hound zombie (D:5)
  2 howler monkey skeletons (D:6)
  3 adders
  5 gnolls (D:8)
  An ufetubus (D:5)
  An adder skeleton (D:4)
  4 worms
  5 dart slugs
  10 orcs
  4 bats
  4 endoplasms
  3 giant cockroaches
  6 goblins
  2 hobgoblins
  2 jackals
  15 kobolds
  5 quokkas
  2 ball pythons
  2 frilled lizards
  5 rats
119 creatures vanquished.

Vanquished Creatures (others)
  A centaur (D:8)
  A plant (D:5)
2 creatures vanquished.

Grand Total: 155 creatures vanquished

Notes
Turn   | Place    | Note
-------+----------+-------------------------------------------
     0 | D:1      | NeededCrab the Gnoll Summoner began the quest for the Orb.
     0 | D:1      | Reached XP level 1. HP: 13/13 MP: 6/6
   441 | D:1      | Reached XP level 2. HP: 19/19 MP: 4/7
   444 | D:1      | Learned a level 2 spell: Call Imp
  1358 | D:2      | Reached skill level 5 in Spellcasting
  1358 | D:2      | Reached XP level 3. HP: 11/25 MP: 1/9
  1535 | D:1      | Learned a level 3 spell: Call Canine Familiar
  1539 | D:1      | Learned a level 3 spell: Summon Guardian Golem
  1845 | D:2      | Found a faded altar of an unknown god.
  1853 | D:2      | Reached skill level 1 in Invocations
  2008 | D:2      | Noticed Terence
  2018 | D:2      | Killed Terence
  2019 | D:2      | Reached skill level 1 in Fighting
  2019 | D:2      | Reached skill level 1 in Short Blades
  2019 | D:2      | Reached skill level 1 in Long Blades
  2019 | D:2      | Reached skill level 1 in Axes
  2019 | D:2      | Reached skill level 1 in Maces & Flails
  2019 | D:2      | Reached skill level 1 in Polearms
  2019 | D:2      | Reached skill level 1 in Staves
  2019 | D:2      | Reached skill level 1 in Slings
  2019 | D:2      | Reached skill level 1 in Bows
  2019 | D:2      | Reached skill level 1 in Crossbows
  2019 | D:2      | Reached skill level 1 in Throwing
  2019 | D:2      | Reached skill level 1 in Armour
  2019 | D:2      | Reached skill level 1 in Shields
  2019 | D:2      | Reached skill level 1 in Unarmed Combat
  2019 | D:2      | Reached skill level 1 in Evocations
  2275 | D:3      | Reached XP level 4. HP: 32/32 MP: 6/11
  2822 | D:3      | Learned a level 4 spell: Summon Lightning Spire
  2873 | D:3      | Reached skill level 1 in Conjurations
  2873 | D:3      | Reached skill level 1 in Hexes
  2873 | D:3      | Reached skill level 1 in Necromancy
  2873 | D:3      | Reached skill level 1 in Translocations
  2873 | D:3      | Reached skill level 1 in Transmutations
  2873 | D:3      | Reached skill level 1 in Fire Magic
  2873 | D:3      | Reached skill level 1 in Ice Magic
  2873 | D:3      | Reached skill level 1 in Air Magic
  2873 | D:3      | Reached skill level 1 in Earth Magic
  2873 | D:3      | Reached skill level 1 in Poison Magic
  2959 | D:3      | Found an ancient bone altar of Kikubaaqudgha.
  2965 | D:3      | Became a worshipper of Kikubaaqudgha
  3056 | D:4      | Found a large runed translucent door.
  3056 | D:4      | Found a large runed translucent door.
  3103 | D:4      | Reached XP level 5. HP: 37/37 MP: 12/12
  3135 | D:4      | Found a burning altar of Makhleb.
  3154 | D:4      | Found a shadowy altar of Dithmenos.
  3356 | D:4      | Reached XP level 6. HP: 35/44 MP: 7/13
  3604 | D:4      | Reached skill level 5 in Dodging
  3760 | D:4      | Reached * piety under Kikubaaqudgha
  3760 | D:4      | Received a gift from Kikubaaqudgha
  4349 | D:5      | Entered Level 5 of the Dungeon
  4372 | D:5      | Reached XP level 7. HP: 50/50 MP: 11/15
  4747 | D:5      | Learned a level 3 spell: Vampiric Draining
  4768 | D:5      | Found a staircase to the Ecumenical Temple.
  4792 | Temple   | Entered the Ecumenical Temple
  5045 | D:5      | Found a glowing silver altar of Zin.
  5335 | D:5      | Noticed Ijyb
  5351 | D:5      | Killed Ijyb
  5501 | D:5      | Reached skill level 5 in Stealth
  5794 | D:6      | Reached XP level 8. HP: 37/57 MP: 14/16
  6015 | D:6      | Noticed a nameless horror
  6035 | D:6      | Killed a nameless horror
  6067 | D:6      | Noticed Grinder
  6103 | D:6      | Killed Grinder
  6287 | D:6      | Reached ** piety under Kikubaaqudgha
  6359 | D:6      | Noticed Maggie
  6380 | D:6      | Killed Maggie
  6461 | D:7      | Gained mutation: You evolve. [potion of mutation]
  6461 | D:7      | Gained mutation: You are partially covered in iridescent
                  | scales. (AC +2) [potion of mutation]
  6461 | D:7      | Gained mutation: Your spells are a little harder to cast,
                  | but a little more powerful. [potion of mutation]
  6461 | D:7      | Gained mutation: You have a pair of small horns on your
                  | head. [potion of mutation]
  6746 | D:7      | Lost mutation: You are partially covered in iridescent
                  | scales. (AC +2) [evolution]
  6747 | D:7      | Found a bloodstained altar of Trog.
  6780 | D:7      | Found a blossoming altar of Fedhas.
  7322 | D:8      | Reached XP level 9. HP: 65/65 MP: 12/18
  7327 | D:8      | Learned a level 4 spell: Summon Ice Beast
  7505 | D:8      | Found a runed translucent gate.
  7509 | D:8      | Found a runed translucent gate.
  7509 | D:8      | Noticed geeeeen's ghost (novice BaIE)
  7510 | D:8      | Found a runed translucent gate.
  7655 | D:8      | Found a snail-covered altar of Cheibriados.
  7657 | D:8      | Noticed a two-headed ogre
  7665 | D:8      | Killed a two-headed ogre
  7712 | D:8      | Found a sparkling altar of Nemelex Xobeh.
  7756 | D:8      | Found the ring of the Octopus King
  7763 | D:8      | Identified a ring of the Octopus King {rN+ AC+1 EV+1 Str+1
                  | Int+1 Dex+1}
  7942 | D:8      | Noticed Prince Ribbit
  7948 | D:8      | Killed Prince Ribbit
  7949 | D:8      | Reached skill level 8 in Summonings
  8037 | D:8      | Noticed Gastronok
  8067 | D:7      | Mangled by Gastronok

Illustrated notes

Levels and vault maps discovered:
D:1:      minmay_arrival_stair_chambers, layout_rooms
D:2:      layout_rooms, dilly_ecumenical_altar_fadedgnrine, uniq_terence
D:3:      layout_loops_cross, overflow_temple_1_default
D:4:      layout_basic, jmf_multi_god_temple2, minmay_joined_circles
D:5:      layout_basic, zin_academy, minmay_temple_entry_gardened_gates,
          uniq_ijyb
D:6:      layout_basic, uniq_maggie, uniq_grinder
D:7:      layout_cave_pools, mainiacjoe_overflow_swirl
D:8:      layout_loops_corners, nicolae_ru_great_annihilating_truth,
          chequers_temple_overflow_statue_of_worship, ebering_ghost_rock_garden,
          uniq_prince_ribbit1, uniq_gastronok
Temple:   minmay_temple_curvy_loop

Skill      XL: |  1  2  3  4  5  6  7  8  9 |
---------------+----------------------------+-----
Spellcasting   | 5 6 |  6.6
Invocations    | 1 2 3 4 |  4.6
Fighting       | 1 2 3 4 |  4.2
Short Blades   | 1 2 3 4 |  4.2
Long Blades    | 1 2 3 4 |  4.2
Axes           | 1 2 3 4 |  4.2
Maces & Flails | 1 2 3 4 |  4.2
Polearms       | 1 2 3 4 |  4.2
Staves         | 1 2 3 4 |  4.2
Slings         | 1 2 3 4 |  4.2
Bows           | 1 2 3 4 |  4.2
Crossbows      | 1 2 3 4 |  4.2
Throwing       | 1 2 3 4 |  4.2
Armour         | 1 2 3 4 |  4.2
Shields        | 1 2 3 4 |  4.2
Unarmed Combat | 1 2 3 4 |  4.2
Evocations     | 1 2 3 4 |  4.2
Conjurations   | 1 2 3 |  3.4
Hexes          | 1 2 3 |  3.4
Necromancy     | 1 2 3 |  3.4
Translocations | 1 2 3 |  3.4
Transmutations | 1 2 3 |  3.4
Fire Magic     | 1 2 3 |  3.4
Ice Magic      | 1 2 3 |  3.4
Air Magic      | 1 2 3 |  3.4
Earth Magic    | 1 2 3 |  3.4
Poison Magic   | 1 2 3 |  3.4
Dodging        | 5 6 |  6.3
Stealth        | 5 6 |  6.0
Summonings     | 8 |  8.0

Action                   |  1- 3 |  4- 6 |  7- 9 || total
-------------------------+-------+-------+-------++-------
Melee: Unarmed           |    26 |       |     2 ||    28
       Whip              |    51 |    17 |       ||    68
       Bite              |     2 |     5 |     4 ||    11
       Short sword       |       |    71 |    69 ||   140
       Punch             |       |     1 |       ||     1
       Headbutt          |       |       |     1 ||     1
 Cast: Summon Small Mamm |    32 |       |       ||    32
       Call Imp          |    32 |    28 |    34 ||    94
       Call Canine Famil |     4 |    14 |    18 ||    36
       Summon Lightning  |       |       |    12 ||    12
       Summon Guardian G |       |       |     2 ||     2
       Summon Ice Beast  |       |       |     6 ||     6
  Use: Scroll            |       |       |     7 ||     7
       Potion            |       |       |     3 ||     3
 Stab: Sleeping          |     1 |     1 |     5 ||     7
       Distracted        |       |       |     1 ||     1
Armor: Robe              |    31 |    16 |    17 ||    64
       Skin              |       |       |     1 ||     1
       Swamp dragon scal |       |       |     1 ||     1
Dodge: Dodged            |    73 |    44 |    35 ||   152
